 Dungeon Crawl Stone Soup version 0.27.1-3-gb3d3a73c9e (webtiles) character file.

Game seed: 11277259014917470737

119 Jahmms the Bolt Thrower (level 5, -6/39 HPs)
             Began as a Formicid Hunter on Oct 6, 2021.
             Mangled by Linguinho's ghost (9 damage)
             ... on level 2 of the Dungeon on Oct 7, 2021.
             The game lasted 00:43:23 (3349 turns).

Jahmms the Bolt Thrower (Formicid Hunter)           Turns: 3349, Time: 00:43:25

Health: -6/39      AC: 13    Str: 17    XL:     5   Next: 23%
Magic:  6/6        EV:  5    Int: 10    God:
Gold:   53         SH:  0    Dex: 12    Spells: 6/6 levels left

rFire    . . .     SeeInvis +   o - +0 short sword
rCold    . . .     Faith    .   (no shield)
rNeg     . . .     Spirit   .   s - +3 plate armour
rPois    .         Reflect  .   (helmet unavailable)
rElec    .         Harm     .   (no cloak)
rCorr    .         Rampage  .   (no gloves)
Will     .....                  (no boots)
Stlth    ..........             (no amulet)
HPRegen  0.13/turn              (no ring)
MPRegen  0.10/turn              (no ring)

@: mighty
A: permanent stasis, dig shafts and tunnels, antennae 3, four strong arms
a: Dig, Shaft Self


You were on level 2 of the Dungeon.
You visited 1 branch of the dungeon, and saw 3 of its levels.

You collected 53 gold pieces.

Inventory:

Hand Weapons
 a - a +2 hand crossbow
 m - a +0 halberd
 o - a +0 short sword (weapon)
 p - a +0 trident
 t - a +0 war axe
Missiles
 d - 8 bolts
 e - 8 poisoned darts (quivered)
 h - 48 arrows
 j - 101 stones
Armour
 c - a +0 leather armour
 i - a +0 plate armour
 k - a +0 ring mail
 s - a +3 plate armour (worn)
 x - a +0 buckler
Magical Staves
 b - a staff of fire
Scrolls
 g - a scroll of magic mapping
 u - 2 scrolls of immolation
Potions
 f - a potion of ambrosia


   Skills:
 + Level 2.7 Fighting
 * Level 4.5 Crossbows
 + Level 1.4 Armour
 * Level 2.5 Dodging
 * Level 2.8 Stealth
 + Level 1.3 Spellcasting


You had 6 spell levels left.
You didn't know any spells.
Your spell library contained the following spells:

 Spells                   Type           Power      Damage    Failure   Level
 Gell's Gravitas          Tloc           0%         N/A       100%        3
 Lesser Beckoning         Tloc           0%         N/A       100%        3
 Teleport Other           Tloc           0%         N/A       100%        3


Dungeon Overview and Level Annotations

Branches:
Dungeon (3/15)

Altars:
Ru
Yredelemnul

Shops:
D:2 *?

Annotations:
D:2 Linguinho's ghost, amateur GrFi


Innate Abilities, Weirdness & Mutations

You cannot be hasted, slowed, berserked, paralysed or teleported.
You can dig through walls and to a lower floor.
You have a pair of large antennae on your head. (SInv)
Your four strong arms can wield two-handed weapons with a shield.


Message History

Press: ? - help, v - describe, . - travel, g - get item
Here: Linguinho's ghost (moderately damaged) Item here: a rat corpse.
The floor.
You hit Linguinho's ghost but do no damage.
Linguinho's ghost is moderately damaged.
Linguinho's ghost hits you. Linguinho's ghost hits you.
Your plate armour prevents you from hitting Linguinho's ghost.
Linguinho's ghost is moderately damaged.
Linguinho's ghost hits you but does no damage.
You hit Linguinho's ghost but do no damage.
Linguinho's ghost is moderately damaged.
Linguinho's ghost hits you but does no damage.
You hit Linguinho's ghost but do no damage.
Linguinho's ghost is moderately damaged.
Linguinho's ghost hits you!
* * * LOW HITPOINT WARNING * * *
You feel better.
Linguinho's ghost hits you but does no damage.
You feel better.
Linguinho's ghost hits you but does no damage.
It was a potion of might.
You feel very mighty all of a sudden. Linguinho's ghost hits you!
* * * LOW HITPOINT WARNING * * *
You hit Linguinho's ghost.
Linguinho's ghost is heavily damaged.
Linguinho's ghost barely misses you.
You hit Linguinho's ghost.
Linguinho's ghost is heavily damaged.
Linguinho's ghost hits you.
* * * LOW HITPOINT WARNING * * *
You hit Linguinho's ghost but do no damage.
Linguinho's ghost is heavily damaged.
Linguinho's ghost hits you.
* * * LOW HITPOINT WARNING * * *
Linguinho's ghost says, "You can hit me, but you can't hurt me."
Linguinho's ghost hits you!
You die...

#.........#.#############.#
#.........#.# #.#
#...........# #.#
#...........# #.#
#########...# #.# #...# #.#
#...# #######.# ##.W#
#........ #@># #.#######
#### #.# #.# #[# #.#
########.# #<.......#
##########


You could see Linguinho's ghost.

Vanquished Creatures
  4 gnolls (D:3)
  2 adders (D:3)
  A shadow imp (D:3)
  A dart slug (D:1)
  5 bats
  7 endoplasms
  A giant cockroach (D:3)
  4 goblins
  6 hobgoblins
  3 jackals (D:3)
  2 quokkas
  A ball python (D:1)
  A frilled lizard (D:3)
  7 kobolds
  7 rats
52 creatures vanquished.

Notes
Turn   | Place    | Note
-------+----------+-------------------------------------------
     0 | D:1      | Jahmms the Formicid Hunter began the quest for the Orb.
     0 | D:1      | Reached XP level 1. HP: 16/16 MP: 1/1
   122 | D:1      | Reached XP level 2. HP: 22/22 MP: 2/2
   717 | D:2      | Found Uhent's Magic Scroll Shop.
   846 | D:2      | Reached XP level 3. HP: 28/28 MP: 3/3
   934 | D:2      | Found a faded altar of an unknown god.
  1026 | D:2      | Found a basalt altar of Yredelemnul.
  1053 | D:2      | Found Yshruck's General Store.
  1763 | D:3      | Found a transporter.
  1767 | D:3      | Found a transporter.
  1767 | D:3      | Noticed Linguinho's ghost (amateur GrFi)
  1767 | D:3      | Noticed a necrophage
  1792 | D:3      | Reached skill level 1 in Armour
  1792 | D:3      | Reached XP level 4. HP: 34/34 MP: 5/5
  1942 | D:3      | Reached skill level 1 in Spellcasting
  2103 | D:3      | Found a sacrificial altar of Ru.
  2782 | D:3      | Reached XP level 5. HP: 31/39 MP: 6/6
  3349 | D:2      | Mangled by Linguinho's ghost

Illustrated notes

Levels and vault maps discovered:
D:1:      minmay_arrival_three_doors, layout_basic
D:2:      layout_basic, basic_altar, serial_shops, nicolae_shop_statue_plus,
          nicolae_lakefront_shop, hellmonk_ecumenical_altar_blasted
D:3:      layout_basic, mainiacjoe_overflow_alcove_1, gammafunk_ghost_arena,
          kennysheep_another_room, fountainhead, kennysheep_generic_room_2

Skill      XL: |  1  2  3  4 |
---------------+-------------+-----
Dodging        | 2 |  2.5
Stealth        | 2 |  2.8
Armour         | 1 |  1.4
Spellcasting   | 1 |  1.3
Fighting       | |  2.7
Crossbows      | |  4.5

Action                   |  1- 3 |  4- 6 || total
-------------------------+-------+-------++-------
Melee: Short sword       |       |    29 ||    29
 Fire: Hand crossbow     |    71 |    51 ||   122
  Use: Scroll            |     4 |     2 ||     6
       Potion            |       |     5 ||     5
Armor: Leather armour    |     1 |       ||     1
       Plate armour      |    10 |    49 ||    59
Dodge: Dodged            |     5 |    23 ||    28
